 Dungeon Crawl Stone Soup version 0.28.0 (webtiles) character file.

Game seed: 12349663990069459629

3374 SnakkuSnakku7 the Cleaver (level 10, -1/93 HPs)
             Began as a Hill Orc Fighter on Feb 16, 2022.
             Was a Believer of the Shining One.
             Slain by a lorocyproca (11 damage)
             ... on level 2 of the Abyss.
             The game lasted 00:08:58 (6281 turns).

SnakkuSnakku7 the Cleaver (Hill Orc Fighter)        Turns: 6281, Time: 00:08:59

Health: -1/93      AC: 10    Str: 22    XL:     10   Next: 3%
Magic:  0/19       EV:  9    Int:  8    God:    the Shining One [**....]
Gold:   411        SH:  0    Dex: 12    Spells: 9/9 levels left

rFire   . . .      SeeInvis .   a - +2 battleaxe
rCold   . . .      Faith    .   (shield currently unavailable)
rNeg    + . .      Spirit   +   b - +0 scale mail
rPois   +          Reflect  .   N - +0 helmet
rElec   .          Harm     .   r - +0 cloak
rCorr   .          Rampage  .   (no gloves)
Will    .....                   h - +0 pair of boots
Stlth   ..........              u - amulet of guardian spirit
HPRegen 0.25/turn               D - ring of magical power
MPRegen 0.16/turn               C - ring of poison resistance

@: glowing, studying Maces & Flails
A: no striking features
a: Renounce Religion, Divine Shield


You were on level 2 of the Abyss.
You worshipped the Shining One.
The Shining One was pleased with you.
You visited 2 branches of the dungeon, and saw 10 of its levels.
You visited the Abyss 1 time.

You collected 411 gold pieces.

Inventory:

Hand Weapons
 a - a +2 battleaxe (weapon)
 o - a +0 war axe
Missiles
 M - a curare-tipped dart (quivered)
Armour
 b - a +0 scale mail (worn)
 c - a +0 buckler
 h - a +0 pair of boots (worn)
 r - a +0 cloak (worn)
 N - a +0 helmet (worn)
Jewellery
 l - an amulet of faith
 u - an amulet of guardian spirit (around neck)
 x - a ring of flight
 y - a ring of wizardry
 C - a ring of poison resistance (right hand)
 D - a ring of magical power (left hand)
 E - a ring of willpower
 P - a ring of protection from fire
 R - a ring of magical power
Wands
 q - a wand of charming (4)
 w - a wand of flame (22)
Scrolls
 e - 5 scrolls of identify {unknown}
 g - 2 scrolls of teleportation {unknown}
 i - 2 scrolls of fog {unknown}
 j - a scroll of torment {unknown}
 k - 4 scrolls of fear {unknown}
 m - a scroll of magic mapping {unknown}
 n - 2 scrolls of vulnerability {unknown}
 v - a scroll of brand weapon {unknown}
 A - a scroll of noise {unknown}
 F - a scroll of enchant weapon {unknown}
 G - a scroll of immolation {unknown}
 H - 3 scrolls of enchant armour {unknown}
 J - a scroll of blinking {unknown}
Potions
 d - 2 potions of might
 f - a potion of haste
 p - 3 potions of curing {unknown}
 s - a potion of flight {unknown}
 t - 4 potions of heal wounds {unknown}
 z - a potion of resistance {unknown}
 B - a potion of lignification {unknown}
 I - a potion of degeneration {unknown}
 K - 2 potions of brilliance {unknown}
 L - a potion of ambrosia {unknown}
 O - a potion of cancellation {unknown}
 Q - a potion of mutation {unknown}


   Skills:
 - Level 10.0 Fighting
 + Level 14.9 Axes
 - Level 3.2 Armour
 - Level 3.2 Shields


You had 9 spell levels left.
You didn't know any spells.
Your spell library contained the following spells:

 Spells                   Type           Power      Damage    Failure   Level
 Pain                     Necr           0%         1d4       75%         1
 Ensorcelled Hibernation  Hex/Ice        0%         N/A       86%         2
 Sublimation of Blood     Necr           0%         N/A       86%         2
 Wereblood                Tmut           0%         N/A       86%         2
 Ignite Poison            Fire/Tmut/Pois 0%         N/A       98%         3
 Mephitic Cloud           Conj/Pois/Air  0%         N/A       98%         3
 Spider Form              Tmut/Pois      0%         N/A       98%         3
 Anguish                  Hex/Necr       0%         N/A       100%        4
 Agony                    Necr           0%         N/A       100%        5
 Excruciating Wounds      Necr           0%         N/A       100%        5
 Freezing Cloud           Conj/Ice/Air   0%         6-21      100%        5
 Conjure Ball Lightning   Conj/Air       0%         3x3d6     100%        6
 Summon Hydra             Summ           0%         N/A       100%        7
 Discord                  Hex            0%         N/A       100%        8
 Disjunction              Tloc           0%         N/A       100%        8


Dungeon Overview and Level Annotations

Branches:
Dungeon (9/15)             Temple (1/1) D:5
   Lair: D:8-11         Orc: D:9-12

Altars:
Ashenzari
Dithmenos
Elyvilon
Fedhas
Hepliaklqana
Nemelex Xobeh
Okawaru
Qazlal
Ru
Uskayaw
Vehumet
Xom
The Shining One

Shops:
D:8 :

Annotations:
D:5 3 runed translucent doors, ders's ghost, amateur GrEE
D:9 Erolcha


Message History

You hit the lorocyproca.
The lorocyproca is lightly wounded.
The lorocyproca hits you!!
You feel your power leaking away.
You barely miss the lorocyproca.
The lorocyproca is lightly wounded.
You hit the lorocyproca but do no damage.
The lorocyproca is lightly wounded.
The lorocyproca hits you!
You hit the lorocyproca.
The lorocyproca is lightly wounded.
The lorocyproca barely misses you.
You closely miss the lorocyproca.
The lorocyproca is lightly wounded.
A thrashing horror comes into view.
The lorocyproca hits you but does no damage.
The thrashing horror roars!
You slice the lorocyproca!!
The lorocyproca is moderately wounded.
The lorocyproca hits you but does no damage.
You slash the lorocyproca!
The lorocyproca is heavily wounded.
The lorocyproca hits you!!
* * * LOW HITPOINT WARNING * * *
You hit the lorocyproca.
The lorocyproca is severely wounded.
The lorocyproca hits you!
* * * LOW HITPOINT WARNING * * *
You hit the lorocyproca.
The lorocyproca is severely wounded.
The lorocyproca completely misses you.
You hit the lorocyproca but do no damage.
The lorocyproca is severely wounded.
The lorocyproca hits you!
* * * LOW HITPOINT WARNING * * *
Unknown command.
You hit the lorocyproca.
The lorocyproca is severely wounded.
The lorocyproca hits you!
You die...

# # ..
##### #
###.# .
##@#
#2..#
X#.#..#
# ..
####.#
. .#. #
.. ##..
.# #.


You could see a lorocyproca (invisible) and a thrashing horror.

Vanquished Creatures
  Pikel (D:6)
  Grinder (D:4)
  A wraith (Abyss:2)
  3 water moccasins
  2 necrophages
  An orc warrior (D:8)
  A sky beast (D:8)
  3 centaurs
  A phantom (D:3)
  3 lemures (D:6)
  A kobold brigand (D:7)
  A scorpion (D:4)
  A wyvern skeleton (D:7)
  9 killer bees
  A howler monkey (D:7)
  8 wights
  A bullfrog zombie (D:5)
  5 orc priests
  2 hounds
  2 bullfrog skeletons
  Ijyb (D:4)
  3 iguanas
  4 orc wizards
  A hound zombie (D:5)
  A hound skeleton (D:4)
  3 gnolls (D:8)
  A howler monkey skeleton (D:5)
  5 adders
  3 white imps
  An ufetubus (D:6)
  An adder skeleton (D:4)
  A dart slug (D:4)
  24 orcs
  8 endoplasms
  3 giant cockroaches
  2 goblins (D:3)
  3 hobgoblins
  3 jackals (D:2)
  7 kobolds
  A quokka (D:4)
  9 ball pythons
  6 bats
  3 frilled lizards
  5 rats
147 creatures vanquished.

Notes
Turn   | Place    | Note
-------+----------+-------------------------------------------
     0 | D:1      | SnakkuSnakku7 the Hill Orc Fighter began the quest for the
                  | Orb.
     0 | D:1      | Reached XP level 1. HP: 19/19 MP: 1/1
   424 | D:1      | Reached skill level 3 in Axes
   461 | D:1      | Reached XP level 2. HP: 16/27 MP: 2/2
  1064 | D:2      | Reached XP level 3. HP: 34/34 MP: 3/3
  1120 | D:2      | Reached skill level 4 in Axes
  1726 | D:3      | Noticed a scorpion
  1772 | D:3      | Reached XP level 4. HP: 41/41 MP: 4/4
  1986 | D:4      | Noticed a phantom
  2068 | D:3      | Killed a phantom
  2069 | D:3      | Reached skill level 5 in Fighting
  2069 | D:3      | Reached skill level 5 in Axes
  2069 | D:3      | Reached XP level 5. HP: 35/48 MP: 3/5
  2091 | D:4      | Noticed Ijyb
  2120 | D:4      | Killed Ijyb
  2310 | D:4      | Reached skill level 6 in Axes
  2310 | D:4      | Reached XP level 6. HP: 57/58 MP: 6/6
  2326 | D:4      | Noticed Grinder
  2354 | D:4      | Killed Grinder
  2355 | D:4      | Reached skill level 7 in Axes
  2355 | D:4      | Reached XP level 7. HP: 42/66 MP: 5/7
  2911 | D:5      | Entered Level 5 of the Dungeon
  3048 | D:5      | Reached skill level 8 in Axes
  3060 | D:6      | Reached XP level 8. HP: 35/74 MP: 6/8
  3317 | D:5      | Found a staircase to the Ecumenical Temple.
  3374 | D:5      | Reached skill level 9 in Axes
  3406 | Temple   | Entered the Ecumenical Temple
  3421 | Temple   | Became a worshipper of the Shining One
  3458 | D:5      | Found a stormy altar of Qazlal.
  3550 | D:5      | Found a runed translucent gate.
  3550 | D:5      | Found a runed translucent gate.
  3550 | D:5      | Found a runed translucent gate.
  3555 | D:5      | Noticed ders's ghost (amateur GrEE)
  3922 | D:6      | Reached skill level 10 in Axes
  3943 | D:6      | Noticed Pikel
  4240 | D:6      | Reached * piety under the Shining One
  4247 | D:6      | Reached skill level 10 in Fighting
  4247 | D:6      | Reached XP level 9. HP: 83/85 MP: 9/9
  4666 | D:6      | Reached skill level 11 in Axes
  4920 | D:6      | Killed Pikel
  4921 | D:6      | Reached skill level 12 in Axes
  5280 | D:7      | Reached skill level 13 in Axes
  5581 | D:8      | Found Ygubun's Self-Improvement Boutique.
  5596 | D:8      | Reached ** piety under the Shining One
  5600 | D:8      | Reached skill level 14 in Axes
  5773 | D:8      | Reached XP level 10. HP: 75/93 MP: 10/10
  5951 | D:9      | Noticed Erolcha
  5952 | D:9      | Cast into level 2 of the Abyss (Erolcha)
  6269 | Abyss:2  | Noticed a lorocyproca
  6275 | Abyss:2  | Noticed a thrashing horror
  6281 | Abyss:2  | Slain by a lorocyproca

Illustrated notes

Levels and vault maps discovered:
D:1:      dpeg_arrival_chambers_temple_mockup, layout_loops_ring
D:2:      layout_basic, chequers_serial_rivers_room_b
D:3:      layout_loops_cross, minmay_splitting_lines, hangedman_decor_lopped
D:4:      wander_river, layout_basic, hex_large, chequers_garden,
          grunt_ministairs_1, uniq_grinder, uniq_ijyb
D:5:      layout_rooms, nicolae_qazlal_general_emergency,
          minmay_temple_entry_large_hall, gammafunk_ghost_necromancy,
          minmay_manual_mares
D:6:      layout_basic, uniq_pikel
D:7:      layout_cave_pools
D:8:      layout_gridville, nicolae_shop_self_help
D:9:      layout_big_octagon, david_lair_generic, uniq_erolcha
Temple:   compressed_dpeg_triangle_lava_temple
Abyss:2:  base: D:4, evilmike_abyss_exit_10

Skill      XL: |  1  2  3  4  5  6  7  8  9 |
---------------+----------------------------+-----
Axes           | 3 4 5 6 7 8 10 14 | 14.9
Fighting       | 4 5 6 7 8 10 | 10.0
Armour         | |  3.2
Shields        | |  3.2

Action                   |  1- 3 |  4- 6 |  7- 9 | 10-12 || total
-------------------------+-------+-------+-------+-------++-------
Melee: War axe           |    98 |    83 |    55 |       ||   236
       Battleaxe         |       |       |   143 |    20 ||   163
Evoke: Wand              |     1 |     7 |     9 |       ||    17
Armor: Scale mail        |    50 |    37 |   111 |     4 ||   202
Dodge: Dodged            |    44 |    30 |   119 |     3 ||   196
Block: Buckler           |    22 |    15 |    14 |       ||    51
